 Dungeon Crawl Stone Soup version 0.17.1-3-g152610e (webtiles) character file.

812 Heliophagus the Digger (level 7, -6/43 HPs)
             Began as a Gargoyle Earth Elementalist on Mar 28, 2016.
             Killed by nerve-wracking pain
             ... invoked by an orc priest
              (12 damage)
             ... on level 4 of the Dungeon.
             The game lasted 01:16:53 (4371 turns).

Heliophagus the Digger (GrEE)                       Turns: 4371, Time: 01:16:53

Health: -6/43      AC: 16    Str: 14    XL:     7   Next: 93%
Magic:  20/20      EV: 11    Int: 17    God:
Gold:   96         SH:  0    Dex: 10    Spells: 1 memorised, 11 levels left

rFire  . . .     SeeInvis .     a - +0 whip (freeze)
rCold  . . .     Clarity  .     l - +0 ring mail
rNeg   + . .     SustAt   .     (no shield)
rPois  ∞         Gourm    .     (no helmet)
rElec  +         Spirit   .     h - +0 cloak
rCorr  .         Warding  .     r - +0 pair of gloves
rMut   .         Stasis   .     i - +0 pair of boots
MR     .....                    (no amulet)
Stlth  +.........               (no ring)
                                j - ring of magical power

@: not resistant to hostile enchantments, very unstealthy
A: yellow scales 1, blurry vision 1, negative energy resistance 1, electricity
resistance, strong 1, unbreathing, petrification resistance, rot immunity, AC +4
a: no special abilities


You were on level 4 of the Dungeon.
You were near starving.

You visited 1 branch of the dungeon, and saw 4 of its levels.

You collected 96 gold pieces.

Inventory:

Hand Weapons
 a - a +0 whip of freezing (weapon)
 n - a +0 flail
Missiles
 b - 105 stones (quivered)
Armour
 h - a +0 cloak (worn)
 i - a +0 pair of boots (worn)
 l - a +0 ring mail (worn)
 r - a +0 pair of gloves (worn)
Jewellery
 j - a ring of magical power (left hand)
Wands
 m - a wand of digging (14)
Scrolls
 e - a scroll of remove curse
Books
 c - a book of Geomancy

   Spells                             Type                      Level
   a - Sandblast                      Earth                        1
   b - Stoneskin                      Transmutation/Earth          2
   c - Passwall                       Transmutation/Earth          3
   d - Stone Arrow                    Conjuration/Earth            3
   e - Petrify                        Transmutation/Earth          4
   f - Lee's Rapid Deconstruction     Earth                        5
Comestibles
 d - a bread ration
 k - a meat ration
 o - a beef jerky


   Skills:
 + Level 4.0 Fighting
 + Level 3.3 Maces & Flails
 + Level 3.7 Armour
 + Level 3.6 Dodging
 - Level 3.2 Stealth
 - Level 1.0 Unarmed Combat
 - Level 3.0 Spellcasting
   Level 0.7 Transmutations
 - Level 4.2 Earth Magic


You had 11 spell levels left.
You knew the following spells:

 Your Spells              Type           Power        Failure   Level  Hunger
a - Sandblast             Erth           ###...       8%          1    None


Dungeon Overview and Level Annotations

Branches:
Dungeon (4/15)
 Temple: D:4-7

Altars:
Dithmenos


Innate Abilities, Weirdness & Mutations

You are resistant to torment.
Your stone body is resilient (AC +4).
You are immune to poison.
You resist negative energy.
You are resistant to electric shocks.
You can survive without breathing.
You are immune to petrification.
You are immune to rotting.
You are partially covered in yellow scales (AC +2).
Scrolls take you a little longer to read.
Your muscles are strong. (Str +2)


Message History

The orc priest is severely wounded.
The orc wizard misses you.
The orc priest hits you but does no damage. x2
Welcome back, Heliophagus the Gargoyle Earth Elementalist.
Press ? for a list of commands and other information.
Really read with blurry vision while enemies are nearby?
Uppercase [Y]es or [N]o only, please.
Really read with blurry vision while enemies are nearby?
The orc hits you with a hand axe.
* * * LOW HITPOINT WARNING * * *
The orc wizard closely misses you.
You begin reading the scroll.
You continue reading the scroll.
The orc priest hits you but does no damage.
The orc wizard casts a cantrip, but nothing happens.
The orc closely misses you. The orc priest closely misses you.
As you read the scroll of fog, it crumbles to dust.
The scroll dissolves into smoke.
The orc priest calls down the wrath of Beogh upon you.
Pain shoots through your body!
You die...

#........# #....##### ##.
#........# #........# #.!
#...##..## #####....# #..
#..)##..#######..#....# ##.
#.....)......#...#....# #..
#............#...####.#####..
#............#...#.........#.
#............#...#...#.....#.
#...#######o@##..'...#.....#.
#...##..###§o##..##..#.p...#.
#..o....'.o§o##..##..#.....#.
#.......#§...§[..#####.....#.
#...##..###..##..# #.....#.
###'##..#######..# #.....#.
#.............#..# #.....'.
#.............'..# #.....#.
#.............#..# #.....#.


You could see 2 orc priests, an orc wizard and an orc.

Vanquished Creatures
  Pikel (D:4)
  An ogre (D:4)
  Ijyb (D:2)
  A hound (D:4)
  Jessica (D:2)
  Terence (D:2)
  8 adders
  2 worms
  4 giant geckos
  2 orcs (D:3)
  5 ball pythons (D:2)
  9 bats
  4 hobgoblins
  7 kobolds
  3 quokkas
  6 giant cockroaches
  A giant newt (D:2)
  6 goblins
  13 jackals
  5 rats
81 creatures vanquished.

Vanquished Creatures (others)
  Sigmund (D:4)
  A slave (D:4)
  An orc (D:4)
3 creatures vanquished.

Grand Total: 84 creatures vanquished

Notes
Turn   | Place    | Note
--------------------------------------------------------------
     0 | D:1      | Heliophagus the Gargoyle Earth Elementalist began the quest for the Orb.
     0 | D:1      | Reached XP level 1. HP: 10/10 MP: 3/3
   205 | D:1      | Reached XP level 2. HP: 13/15 MP: 5/5
   941 | D:2      | Reached XP level 3. HP: 15/19 MP: 6/6
  1271 | D:2      | Reached skill level 4 in Earth Magic
  1345 | D:2      | Noticed Terence
  1368 | D:2      | Killed Terence
  1368 | D:2      | Reached XP level 4. HP: 13/24 MP: 7/8
  2012 | D:2      | Noticed Jessica
  2026 | D:2      | Killed Jessica
  2026 | D:2      | Reached skill level 1 in Fighting
  2026 | D:2      | Reached XP level 5. HP: 27/29 MP: 9/9
  2113 | D:2      | Gained mutation: You are partially covered in yellow scales (AC +2). [potion of mutation]
  2113 | D:2      | Gained mutation: Your muscles are strong. (Str +2) [potion of mutation]
  2113 | D:2      | Gained mutation: Scrolls take you a little longer to read. [potion of mutation]
  2195 | D:2      | Found a shadowy altar of Dithmenos.
  2218 | D:2      | Noticed Ijyb
  2239 | D:2      | Killed Ijyb
  2239 | D:2      | Reached skill level 1 in Unarmed Combat
  2371 | D:3      | Reached skill level 1 in Armour
  2722 | D:3      | Reached skill level 1 in Maces & Flails
  3409 | D:4      | Reached XP level 6. HP: 28/35 MP: 10/10
  3637 | D:4      | Noticed an ogre
  3734 | D:4      | Killed an ogre
  3965 | D:4      | Noticed a slave
  3967 | D:4      | Noticed a slave
  3968 | D:4      | Noticed Pikel
  3968 | D:4      | Noticed a slave
  3970 | D:4      | Noticed a slave
  4067 | D:4      | Killed Pikel
  4067 | D:4      | Reached XP level 7. HP: 6/43 MP: 11/11
  4154 | D:4      | Killed a freed slave
  4242 | D:4      | Killed Sigmund
  4371 | D:4      | Killed from afar by an orc priest

Action                   |  1- 3 |  4- 6 |  7- 9 || total
-------------------------+-------+-------+-------++-------
Melee: Whip              |    98 |     7 |    25 ||   130
       Unarmed           |     3 |       |       ||     3
       Flail             |       |   296 |       ||   296
 Cast: Sandblast         |    41 |    29 |       ||    70
  Use: Potion            |     3 |     5 |       ||     8
       Scroll            |     2 |     4 |     1 ||     7
 Stab: Sleeping          |     8 |     1 |       ||     9
       Distracted        |       |     1 |       ||     1
  Eat: Chunk             |     2 |     9 |       ||    11
